Map: Sludge City

Players

Serral

  • Race: Zerg Zerg
  • League: Grandmaster
  • Spawn Location: 5:00

RyanKim - Winner!

  • Race: Protoss Protoss
  • League: Diamond
  • Spawn Location: 9:00

Raven

  • Race: Zerg Zerg
  • Spawn Location: 5:00

CmpumPeucep - Winner!

  • Race: Terran Terran
  • Spawn Location: 11:00

VOD

Have the link to the VOD?

Description

Time

  • Played on: July 1, 2026, 3:20 p.m.
  • Length: 19:49
Show
View Real Time Build Order
Export as new Build Order

Serral Zerg 

Build Orders: Hatch First 

Get SALT Encoding   

  8  0:04  Drone  
  9  0:11  Drone  
  10  0:16  Drone  
  11  0:23  Drone  
  12  0:30  Extractor  
  12  0:31  Drone  
  13  0:39  Overlord  
  13  0:57  Drone  
  13  0:58  Drone  
  15  1:05  Drone  
  16  1:19  Hatchery  
  16  1:22  Drone  
  16  1:25  Drone  
  17  1:35  Drone  
  18  1:40  Extractor  
  18  1:44  Spawning Pool  
  18  1:46  Drone  
  17  1:54  Drone  
  18  2:04  Drone  
  19  2:13  Overlord  
  19  2:23  Drone  
  20  2:30  Queen x2  
  20  2:33  Drone  
  20  2:36  Drone  
  26  2:41  Drone  
  27  2:44  Drone  
  27  2:47  Metabolic Boost  
  28  2:53  Drone  
  28  2:55  Drone  
  30  3:05  Overlord  
  30  3:06  Drone  
  31  3:22  Queen  
  31  3:25  Drone  
  31  3:26  Drone x3  
  37  3:32  Hatchery  
  36  3:43  Overlord x2  
  36  3:46  Drone x3  
  39  3:48  Extractor  
  39  3:49  Extractor, Drone  
  39  3:54  Lair  
  38  3:57  Drone  
  38  4:02  Drone x3  
  42  4:08  Drone x2  
  44  4:18  Zergling x8  
  48  4:29  Overlord x2  
  48  4:36  Zergling x6  
  51  4:43  Queen  
  53  4:48  Drone  
  53  4:49  Drone x5  
  59  4:53  Spire  
  58  5:02  Drone x6  
  62  5:14  Drone  
  62  5:15  Drone x5  
  62  5:16  Extractor  
  62  5:18  Extractor  
  63  5:22  Drone  
  63  5:27  Baneling Nest  
  61  5:30  Drone x3  
  61  5:32  Drone x3  
  67  5:36  Zergling x2  
  67  5:37  Zergling x4  
  70  5:47  Spore Crawler  
  70  5:48  Spore Crawler  
  70  5:49  Drone  
  69  5:50  Drone  
  69  5:53  Drone, Spore Crawler  
  68  6:11  Drone x4  
  65  6:16  Drone x2  
  68  6:19  Mutalisk x3  
  68  6:20  Mutalisk  
  68  6:22  Overlord x3  
  76  6:27  Centrifugal Hooks  
  76  6:40  Overseer  
  76  6:42  Overseer  
  76  6:43  Mutalisk x8  
  92  6:47  Hatchery  
  91  6:56  Mutalisk x2  
  91  7:00  Zergling x10  
  100  7:03  Overlord  
  100  7:04  Overlord x3  
  100  7:09  Pneumatized Carapace  
  100  7:13  Zerg Flyer Weapons Level 1  
  100  7:16  Overlord  
  100  7:17  Overlord x4  
  100  7:30  Zergling x2  
  100  7:31  Zergling x14  
  101  7:52  Corruptor  
  101  7:53  Corruptor x5  
  95  8:11  Corruptor x2  
  94  8:15  Extractor, Zergling x12  
  94  8:16  Zergling x12  
  105  8:26  Drone x4, Queen  
  111  8:31  Zergling x2  
  112  8:46  Mutalisk x5  
  118  8:49  Zergling x10  
  106  9:04  Zergling x18  
  103  9:16  Drone  
  103  9:17  Drone  
  100  9:18  Drone x7  
  100  9:23  Drone x2  
  109  9:25  Baneling x2  
  109  9:26  Baneling x10, Evolution Chamber x2  
  109  9:27  Corruptor x3  
  113  9:33  Zergling x6  
  113  9:36  Infestation Pit  
  115  9:41  Drone x3  
  115  9:44  Extractor  
  115  9:45  Extractor  
  116  9:47  Corruptor x2  
  120  9:53  Hatchery, Zerg Melee Weapons Level 1  
  120  9:58  Zerg Ground Armor Level 1  
  120  9:59  Zergling x26  
  133  10:00  Zergling x2  
  132  10:10  Corruptor x2  
  114  10:14  Zergling x2  
  114  10:15  Zergling x8  
  110  10:33  Corruptor  
  110  10:34  Corruptor x3  
  110  10:35  Zergling x16  
  126  10:43  Hive  
  126  10:54  Corruptor x2  
  130  11:01  Overseer  
  130  11:02  Overseer x2  
  130  11:06  Queen  
  130  11:09  Corruptor  
  130  11:10  Corruptor  
  136  11:19  Corruptor x2  
  140  11:26  Drone x11  
  140  11:27  Drone  
  140  11:29  Zergling x6  
  155  11:34  Overlord  
  155  11:35  Overlord x6  
  155  11:41  Extractor x2  
  153  11:47  Hatchery  
  153  11:51  Baneling x9  
  153  11:52  Baneling x5  
  153  11:54  Zergling x4  
  153  11:55  Zergling x2  
  148  12:08  Zergling x2  
  148  12:09  Zergling x22  
  156  12:19  Zerg Melee Weapons Level 2, Zerg Ground Armor Level 2  
  156  12:20  Zerg Flyer Weapons Level 2  
  150  12:23  Viper x2  
  150  12:24  Viper  
  159  12:35  Drone x3  
  162  12:39  Drone x3  
  162  12:40  Drone  
  162  12:43  Adrenal Glands, Neural Parasite  
  166  12:47  Corruptor  
  166  12:48  Corruptor  
  166  12:49  Zergling x8  
  166  12:50  Zergling x2  
  175  13:01  Corruptor x4  
  176  13:11  Corruptor x3  
  138  13:15  Overseer x2  
  128  13:31  Corruptor x5  
  136  13:44  Corruptor x4  
  111  14:03  Corruptor x4  
  110  14:14  Corruptor  
  104  14:23  Extractor  
  102  14:29  Corruptor x2  
  87  14:46  Drone x2  
  87  14:47  Corruptor x2  
  93  14:55  Corruptor  
  94  15:04  Hatchery  
  94  15:05  Overseer  
  94  15:06  Overseer  
  93  15:09  Hatchery  
  92  15:24  Corruptor x2  
  90  15:33  Viper  
  92  15:46  Nydus Network  
  92  15:48  Zergling x2  
  92  15:49  Zergling x22  
  103  16:01  Corruptor  
  105  16:13  Viper  
  108  16:23  Zergling x10  
  67  17:03  Drone x3  
  67  17:06  Drone x3  
  73  17:10  Corruptor  
  73  17:11  Corruptor  
  77  17:20  Overseer  
  65  17:43  Overseer x2  
  60  17:48  Corruptor  
  60  17:49  Corruptor x2  
  66  17:56  Extractor x2  
  54  18:06  Zergling x2  
  54  18:07  Zergling x4  
  49  18:15  Zergling x2  
  49  18:16  Zergling x2  
  51  18:26  Zergling x4  
  53  18:29  Zergling x2  
  54  18:39  Zergling x4  
  56  18:51  Zergling x2  
  56  18:52  Zergling x4  
  58  18:58  Nydus Canal  
  59  19:02  Zergling x2  
Show
View Real Time Build Order
Export as new Build Order

RyanKim Protoss - Winner!

Build Orders: Carriers, Carrier Rush 

Get SALT Encoding   

  8  0:00  Probe (Chrono Boost)  
  9  0:12  Probe (Chrono Boost)  
  10  0:19  Probe (Chrono Boost)  
  11  0:26  Probe  
  12  0:39  Probe  
  13  0:48  Pylon  
  13  1:06  Probe (Chrono Boost)  
  13  1:07  Gateway  
  13  1:10  Assimilator  
  14  1:14  Assimilator  
  14  1:16  Probe (Chrono Boost)  
  15  1:21  Probe (Chrono Boost)  
  16  1:32  Probe  
  17  1:36  Pylon  
  17  1:44  Probe  
  18  1:56  Cybernetics Core, Probe  
  19  2:08  Probe (Chrono Boost)  
  20  2:20  Probe (Chrono Boost)  
  21  2:25  Probe (Chrono Boost), Pylon  
  22  2:34  Stargate  
  22  2:38  Pylon  
  22  2:47  Protoss Air Weapons Level 1, Stalker  
  24  2:56  Probe  
  25  3:17  Nexus  
  25  3:36  Fleet Beacon  
  25  3:40  Probe  
  26  3:52  Probe  
  27  4:04  Probe  
  28  4:16  Carrier (Chrono Boost)  
  28  4:23  Pylon  
  34  4:36  Probe x2  
  36  4:50  Stargate  
  36  4:55  Assimilator  
  36  4:56  Probe x2  
  36  4:58  Assimilator  
  36  5:08  Probe x2  
  38  5:18  Carrier (Chrono Boost)  
  43  5:54  Probe x2  
  51  6:01  Carrier (Chrono Boost)  
  51  6:06  Probe x2  
  53  6:12  Nexus  
  53  6:18  Probe  
  53  6:21  Protoss Air Weapons Level 2  
  53  6:25  Probe  
  55  6:30  Probe  
  56  6:37  Probe  
  57  6:43  Probe  
  64  6:51  Carrier (Chrono Boost)  
  64  7:02  Probe  
  64  7:03  Probe  
  66  7:15  Pylon  
  66  7:16  Pylon  
  66  7:18  Pylon x2  
  66  7:21  Carrier (Chrono Boost)  
  66  7:24  Probe x2  
  74  7:36  Probe  
  75  7:41  Carrier (Chrono Boost)  
  81  8:02  Probe x3  
  77  8:14  Probe x3  
  77  8:16  Carrier (Chrono Boost)  
  86  8:26  Probe x2  
  88  8:27  Pylon  
  88  8:32  Pylon  
  88  8:33  Probe  
  89  8:35  Assimilator  
  89  8:38  Probe  
  89  8:39  Assimilator  
  89  8:40  Pylon  
  96  8:42  Pylon, Carrier (Chrono Boost)  
  96  8:46  Forge  
  96  9:04  Probe x3  
  99  9:10  Carrier (Chrono Boost)  
  105  9:19  Probe x3  
  116  9:31  Probe x2  
  118  9:39  Carrier  
  118  9:41  Mothership  
  118  9:43  Probe x2  
  126  9:47  Protoss Shields Level 1  
  126  9:48  Pylon  
  126  9:49  Protoss Air Weapons Level 3 (Chrono Boost), Pylon x2  
  126  9:51  Pylon  
  126  9:55  Probe  
  127  10:30  Carrier (Chrono Boost)  
  133  10:38  Stargate  
  133  10:40  Nexus  
  133  10:41  Stargate  
  133  10:42  Stargate  
  133  10:48  Carrier (Chrono Boost)  
  139  11:00  Pylon  
  139  11:01  Pylon  
  139  11:06  Twilight Council  
  139  11:12  Robotics Facility  
  138  11:23  Probe  
  139  11:31  Carrier (Chrono Boost)  
  145  11:35  Nexus  
  145  11:36  Carrier (Chrono Boost), Photon Cannon  
  151  11:40  Photon Cannon  
  151  11:41  Photon Cannon  
  151  11:42  Shield Battery  
  151  11:43  Probe x3  
  151  11:44  Shield Battery  
  151  11:46  Pylon  
  154  11:47  Carrier (Chrono Boost)  
  160  11:55  Probe x3  
  160  12:01  Protoss Shields Level 2  
  163  12:07  Probe  
  164  12:22  Carrier  
  170  12:31  Probe x3  
  170  12:32  Carrier  
  179  12:37  Observer  
  179  12:43  Probe x3, Assimilator  
  183  12:46  Assimilator  
  183  12:55  Observer  
  150  13:22  Carrier  
  164  13:30  Mothership  
  164  13:45  Carrier  
  156  14:06  Carrier  
  162  14:15  Probe  
  162  14:16  Probe x2  
  165  14:28  Nexus  
  165  14:36  Observer  
  166  14:54  Carrier x3, Observer  
  185  15:02  Pylon  
  185  15:04  Pylon  
  185  15:22  Carrier  
  185  15:24  Carrier  
  197  15:30  Assimilator  
  197  15:33  Assimilator  
  197  15:38  Protoss Shields Level 3  
  197  16:03  Probe x3  
  126  16:51  Carrier x2  
  126  16:52  Carrier x3  
  156  17:15  Protoss Air Armor Level 1  
  164  17:21  Mothership  
  164  17:53  Carrier (Chrono Boost)  
  182  18:02  Nexus  
  182  18:03  Carrier x2 (Chrono Boost)  
  182  18:04  Pylon  
  182  18:15  Carrier x2 (Chrono Boost)  
  194  18:29  Nexus, Stargate  
  194  18:31  Pylon  
  194  18:32  Pylon  
  194  18:36  Photon Cannon x2, Pylon  
  194  18:38  Photon Cannon  
  194  18:39  Photon Cannon  
  194  18:40  Shield Battery x2  
  194  18:41  Pylon  
  200  19:39  Photon Cannon x2  
  200  19:41  Photon Cannon  
  200  19:42  Photon Cannon  
  200  19:43  Photon Cannon  
  200  19:45  Photon Cannon  
  200  19:46  Photon Cannon  
  200  19:47  Shield Battery  
Show
View Real Time Build Order
Export as new Build Order

Raven Zerg 

Build Orders: Hatch First, Roach Hydra 

Get SALT Encoding   

  8  0:00  Drone  
  9  0:10  Drone  
  10  0:17  Drone  
  11  0:24  Drone  
  12  0:35  Overlord  
  12  0:38  Extractor  
  12  0:40  Drone  
  13  0:54  Drone x2  
  15  1:00  Drone  
  16  1:11  Drone  
  17  1:21  Hatchery  
  16  1:35  Spawning Pool  
  16  1:37  Extractor  
  16  1:38  Drone  
  15  1:43  Drone  
  17  1:47  Drone  
  17  1:51  Drone  
  18  2:00  Drone  
  19  2:09  Overlord  
  19  2:20  Extractor  
  19  2:21  Queen  
  21  2:33  Drone x3  
  24  2:38  Queen  
  26  2:48  Roach Warren  
  26  2:51  Drone  
  26  2:53  Drone  
  26  2:56  Drone  
  27  3:20  Overlord x2  
  27  3:21  Drone x4  
  27  3:24  Extractor  
  30  3:30  Lair  
  30  4:08  Roach x9  
  48  4:22  Overlord x2  
  48  4:29  Glial Reconstitution  
  48  4:40  Overlord x2  
  48  4:41  Drone  
  48  4:42  Drone x3  
  48  4:43  Drone  
  48  4:45  Drone  
  54  4:49  Drone  
  54  4:50  Drone  
  56  4:54  Drone  
  57  5:00  Drone x2  
  57  5:05  Drone  
  57  5:06  Pneumatized Carapace  
  52  5:33  Roach x7  
  52  5:35  Spore Crawler  
  63  5:38  Spore Crawler x3  
  63  5:39  Spore Crawler  
  59  5:48  Extractor  
  59  5:49  Extractor, Drone  
  56  5:50  Drone x2  
  58  6:06  Roach x6  
  70  6:19  Overseer  
  70  6:33  Hydralisk Den  
  70  6:34  Evolution Chamber  
  70  6:36  Evolution Chamber  
  67  6:41  Overlord x6  
  67  6:55  Drone x2  
  67  6:58  Drone  
  67  7:01  Zerg Ground Armor Level 1  
  70  7:03  Zerg Missile Weapons Level 1, Muscular Augments  
  70  7:04  Hydralisk  
  72  7:10  Hydralisk  
  72  7:12  Drone x3  
  77  7:18  Drone x3  
  77  7:19  Drone  
  81  7:27  Hatchery  
  80  7:37  Hydralisk  
  80  7:38  Hydralisk x3  
  88  7:47  Drone  
  88  7:48  Drone x3  
  92  7:53  Infestation Pit  
  92  7:56  Drone x4  
  95  8:07  Drone x4  
  99  8:16  Hydralisk x4  
  95  9:01  Hydralisk x13  
  121  9:02  Queen  
  121  9:08  Drone  
  124  9:11  Hatchery  
  124  9:12  Grooved Spines  
  124  9:14  Hive  
  124  9:15  Drone  
  124  9:24  Overlord x4  
  124  9:27  Zerg Missile Weapons Level 2  
  124  9:43  Queen  
  124  9:44  Drone  
  124  9:45  Drone x7  
  134  9:47  Extractor  
  134  9:48  Extractor  
  134  9:50  Zerg Ground Armor Level 2  
  132  10:00  Hydralisk  
  132  10:01  Hydralisk x3  
  132  10:25  Hydralisk x5  
  138  10:35  Spore Crawler  
  137  10:36  Spore Crawler  
  137  10:37  Spore Crawler x2  
  135  10:50  Drone x13  
  147  10:58  Drone x2  
  149  11:08  Hydralisk  
  149  11:09  Hydralisk x4  
  149  11:10  Overlord  
  159  11:16  Extractor  
  159  11:17  Extractor  
  157  11:23  Hydralisk  
  157  11:25  Overlord x12  
  159  11:44  Hydralisk x12  
  183  11:48  Unknown  
  183  11:53  Zerg Missile Weapons Level 3  
  181  12:20  Hydralisk x11  
  191  12:37  Viper  
  191  12:38  Viper x2  
  200  13:02  Hatchery  
  200  13:05  Hatchery  
  168  13:16  Hydralisk x8  
  168  13:17  Hydralisk x10  
  172  13:32  Hydralisk x6  
  182  13:43  Hydralisk  
  182  13:44  Hydralisk x4  
  176  14:07  Hydralisk x2  
  176  14:08  Hydralisk x7  
  176  14:28  Viper x2  
  178  14:43  Overseer  
  178  14:44  Overseer x2  
  172  14:51  Extractor  
  171  14:53  Extractor  
  161  15:08  Overseer x3  
  161  15:15  Overseer x3  
  139  15:33  Hydralisk  
  139  15:34  Hydralisk x17  
  173  15:44  Drone  
  173  15:45  Drone x4  
  176  16:04  Drone x6  
  176  16:05  Drone x2  
  184  16:12  Zerg Ground Armor Level 3  
  82  16:34  Hydralisk x14  
  102  16:50  Hydralisk x4  
  110  17:04  Overseer x2  
  110  17:06  Drone  
  110  17:07  Drone x12  
  116  17:18  Hydralisk x5  
  106  17:37  Hydralisk x7  
  118  17:47  Hydralisk x3  
  124  17:54  Hydralisk x2  
  120  18:43  Hydralisk x12  
  140  18:55  Overseer x2  
  138  19:03  Hydralisk x4  
Show
View Real Time Build Order
Export as new Build Order

CmpumPeucep Terran - Winner!

Build Orders: Hellion Banshee 

Get SALT Encoding   

  8  0:01  SCV  
  9  0:14  SCV  
  10  0:26  SCV  
  11  0:29  Supply Depot  
  11  0:38  SCV  
  12  0:46  Refinery  
  12  0:50  SCV  
  13  1:02  SCV  
  14  1:10  Barracks  
  14  1:15  SCV  
  15  1:27  SCV  
  16  1:39  SCV  
  17  1:43  Supply Depot  
  17  1:51  SCV  
  18  1:58  Reaper  
  19  2:07  Factory  
  19  2:11  Orbital Command  
  19  2:27  Refinery  
  19  2:32  Barracks Reactor  
  19  2:37  SCV  
  20  2:49  SCV  
  21  3:03  Starport  
  21  3:17  Hellion x2  
  25  3:20  Barracks Tech Lab  
  25  3:23  SCV  
  25  3:26  Supply Depot  
  26  3:36  SCV  
  26  3:39  Command Center  
  27  3:47  Cloaking Field  
  27  3:53  Banshee  
  30  4:04  SCV  
  30  4:07  Hellion  
  30  4:08  Hellion  
  35  4:16  SCV  
  36  4:17  Supply Depot  
  36  4:28  SCV  
  37  4:33  Barracks Tech Lab  
  37  4:39  Banshee  
  37  4:41  SCV  
  37  4:44  Hellion x2  
  45  5:14  Hellion x2  
  45  5:16  Orbital Command  
  47  5:31  Command Center, SCV  
  48  5:37  Factory  
  48  5:40  Factory  
  48  5:42  SCV  
  49  5:43  SCV  
  49  5:49  Supply Depot  
  50  5:55  SCV x2  
  45  6:20  SCV x2  
  47  6:26  Factory  
  47  6:30  Factory  
  47  6:32  SCV  
  47  6:34  Barracks Tech Lab  
  47  6:35  Mag-Field Accelerator  
  47  6:36  Refinery, Infernal Pre-Igniter  
  47  6:38  Refinery, SCV  
  49  6:42  Engineering Bay  
  49  6:43  Supply Depot, Hellion x2  
  49  6:45  SCV  
  54  6:50  Cyclone  
  54  6:51  Cyclone  
  61  6:54  SCV  
  61  6:57  SCV  
  62  7:09  Planetary Fortress  
  62  7:12  SCV x2, Command Center  
  64  7:26  SCV x2  
  64  7:27  Factory Tech Lab  
  64  7:29  Cyclone x2  
  72  7:30  Hellion x2  
  72  7:36  Missile Turret  
  70  7:55  SCV x2  
  67  7:59  SCV  
  68  8:11  SCV, Missile Turret  
  69  8:22  Cyclone  
  72  8:32  SCV x3  
  75  8:41  Missile Turret  
  61  8:50  Cyclone x2  
  61  8:53  Orbital Command  
  65  8:59  SCV  
  65  9:00  SCV  
  63  9:36  Orbital Command  
  63  9:38  SCV x2  
  63  9:39  SCV  
  69  9:45  Cyclone  
  69  9:46  Cyclone  
  69  9:51  SCV x3  
  75  10:01  Missile Turret  
  68  10:07  Missile Turret  
  62  10:15  Orbital Command  
  62  10:17  Cyclone x3  
  62  10:18  Hellion x2  
  63  10:22  SCV  
  63  10:23  SCV  
  65  10:33  Armory  
  65  10:41  SCV x3  
  68  10:48  Command Center  
  68  10:51  Widow Mine x2  
  68  10:54  Widow Mine x4  
  80  10:57  Supply Depot  
  80  11:04  SCV x3  
  82  11:06  Missile Turret  
  83  11:12  Widow Mine  
  83  11:13  Supply Depot  
  85  11:22  Supply Depot  
  85  11:23  Drilling Claws  
  85  11:28  Widow Mine  
  85  11:29  Widow Mine  
  85  11:31  SCV x3  
  92  11:42  Supply Depot x2  
  92  11:43  Widow Mine x4, Supply Depot  
  92  11:45  Supply Depot  
  92  11:46  Terran Vehicle And Ship Armor Level 1  
  100  11:49  SCV x3  
  100  11:50  Widow Mine x2  
  105  12:04  Widow Mine x2  
  97  12:18  Widow Mine  
  97  12:19  Widow Mine x3  
  105  12:26  Widow Mine x2  
  105  12:28  Command Center  
  109  12:30  Supply Depot  
  109  12:40  Widow Mine x4  
  109  12:42  Planetary Fortress  
  109  12:44  SCV x2  
  119  13:04  Widow Mine  
  119  13:05  Widow Mine x5  
  97  13:06  Missile Turret  
  97  13:08  Missile Turret  
  89  13:26  Widow Mine x6, SCV x2  
  89  13:27  SCV  
  104  13:47  Widow Mine  
  106  13:51  Widow Mine x5  
  113  14:09  Widow Mine  
  115  14:12  Widow Mine  
  115  14:13  Widow Mine  
  119  14:20  Cyclone x3  
  128  14:25  Refinery  
  128  14:26  Refinery  
  128  14:27  Planetary Fortress  
  128  14:30  Hellion  
  128  14:31  SCV x2  
  132  14:34  Widow Mine  
  134  14:43  Widow Mine  
  136  14:55  Widow Mine, Cyclone x2  
  144  15:07  Cyclone x2  
  144  15:10  SCV x3  
  143  15:21  Missile Turret  
  133  15:23  Missile Turret  
  133  15:24  Widow Mine  
  119  15:32  SCV x2  
  119  15:33  SCV x2  
  119  15:34  Supply Depot  
  106  15:37  Terran Vehicle And Ship Armor Level 2  
  104  15:49  Widow Mine x4  
  110  16:03  Missile Turret  
  110  16:11  Refinery  
  110  16:12  Refinery  
  110  16:14  Supply Depot  
  110  16:40  SCV x3  
  110  16:41  SCV  
  114  16:57  Cyclone x4  
  114  16:58  Widow Mine x2  
  130  17:03  Missile Turret  
  130  17:08  Command Center  
  130  17:17  Starport Reactor  
  130  17:19  Widow Mine x2  
  130  17:29  Widow Mine x4  
  138  17:32  Missile Turret  
  134  17:40  Widow Mine  
  134  17:41  Widow Mine  
  134  17:43  Supply Depot  
  138  17:50  Cyclone x2  
  138  17:51  Cyclone, Widow Mine  
  149  17:58  Missile Turret  
  149  18:02  Widow Mine x2  
  153  18:12  Cyclone  
  156  18:23  Widow Mine x2  
  156  18:24  Cyclone  
  156  18:25  Widow Mine x2, Missile Turret  
  153  18:44  Cyclone, Widow Mine  
  158  18:54  Widow Mine  
  158  18:55  Widow Mine x2  
  160  18:57  Widow Mine  
  162  19:05  Cyclone  
  156  19:16  Widow Mine  
  155  19:19  Widow Mine  
Tags
 
Add a new tag
Caveats
  • Supply blocks, unpowered buildings, or Contaminate may cause inaccurate times.
  • Supply counts are checked every 10 seconds.